 Dungeon Crawl Stone Soup version 0.25-a0-200-g5ba96148f3 (webtiles) character file.

Game seed: 18317286267576668766, levelgen mode: deterministic

548 D1HalberdGnoll the Charlatan (level 7, -2/43 HPs)
             Began as a Kobold Artificer on Dec 2, 2019.
             Was a Follower of Nemelex Xobeh.
             Slain by Pikel
             ... wielding a +0 whip of freezing
              (7 damage)
             ... on level 5 of the Dungeon.
             The game lasted 00:08:06 (4373 turns).

D1HalberdGnoll the Charlatan (Kobold Artificer)     Turns: 4373, Time: 00:08:06

Health: -2/43      AC:  7    Str: 16    XL:     7   Next: 53%
Magic:  11/11      EV: 21    Int: 12    God:    Nemelex Xobeh [*.....]
Gold:   215        SH:  0    Dex: 20    Spells: 6/6 levels left

rFire    . . .     SeeInvis .   w - +6 broad axe of Anger {speed, rC+ MR++}
rCold    + . .     Gourm    .   (shield currently unavailable)
rNeg     . . .     Faith    .   a - +0 ring mail (curse)
rPois    .         Spirit   .   (no helmet)
rElec    .         Reflect  .   h - +1 cloak
rCorr    .         Harm     .   (no gloves)
MR       ++...                  (no boots)
Stlth    ++++......             (no amulet)
HPRegen  0.14/turn              u - +4 ring of strength
MPRegen  0.12/turn              (no ring)

@: agile
A: small, carnivore
a: Draw Escape, Draw Destruction, Draw Summoning, Renounce Religion


You were on level 5 of the Dungeon.
You worshipped Nemelex Xobeh.
Nemelex Xobeh was aware of your devotion.
You were very full.

You visited 1 branch of the dungeon, and saw 5 of its levels.

You collected 215 gold pieces.

Inventory:

Hand Weapons
 w - the +6 broad axe of Anger (weapon) {speed, rC+ MR++}
   (You found it on level 4 of the Dungeon)

   Attacks with this weapon are significantly faster.
   It protects you from cold.
   It affects your resistance to hostile enchantments.
Armour
 a - a cursed +0 ring mail (worn)
   (You found it on level 5 of the Dungeon)
 h - a +1 cloak (worn)
   (You found it on level 1 of the Dungeon)
Jewellery
 u - a +4 ring of strength (left hand)
   (You found it on level 4 of the Dungeon)
 y - a +3 ring of intelligence {unknown}
   (You found it on level 5 of the Dungeon)
Wands
 d - a wand of iceblast (10)
   (You took it off Ijyb on level 3 of the Dungeon)
 f - a wand of random effects (13)
 j - a wand of enslavement (12)
 t - a wand of flame (1)
Scrolls
 g - 2 scrolls of enchant weapon {unknown}
 i - a scroll of immolation {!r}
 k - 2 scrolls of teleportation {unknown}
 m - 2 scrolls of fear {unknown}
 n - 2 scrolls of magic mapping {unknown}
 o - 4 scrolls of amnesia {unknown}
 s - a scroll of identify {@r1}
 v - a scroll of remove curse {unknown}
Potions
 b - a potion of haste {unknown}
 c - 2 potions of agility
 l - a potion of brilliance {unknown}
 p - a potion of lignification {unknown}
 q - a potion of might {unknown}
 r - 2 potions of curing {@q1}
 x - a potion of magic {unknown}
 z - a potion of heal wounds {unknown}
Comestibles
 e - 10 rations {!d}


   Skills:
 + Level 4.0 Fighting
   Level 1.3 Short Blades
 + Level 1.2 Axes
 + Level 4.9 Dodging
 + Level 5.1 Stealth
 + Level 5.7 Evocations


You had 6 spell levels left.
You didn't know any spells.
Your spell library contained the following spells:

 Spells                   Type           Power        Failure   Level  Hunger
 Beastly Appendage        Tmut           #.....       54%         1    ##.....
 Sticks to Snakes         Tmut           #.......     67%         2    ###....
 Spider Form              Tmut/Pois      #.........   88%         3    ####...
 Ice Form                 Ice/Tmut       #.......     99%         4    #####..
 Blade Hands              Tmut           #.........   100%        5    ######.


Dungeon Overview and Level Annotations

Branches:
Dungeon (5/15)
 Temple: D:4-7

Altars:
Cheibriados
Elyvilon
Nemelex Xobeh

Annotations:
D:3 2 transporters
D:5 Pikel


Innate Abilities, Weirdness & Mutations

You are small and have problems with some larger weapons.
You are carnivorous and can eat meat at any time.


Message History

You continue putting on your glowing ring mail. x5
You finish putting on your cursed +0 ring mail.
Oops, that feels deathly cold.
Drop what? 25/52 slots (_ for help) (? for menu, Esc to quit)
Okay, then.
Drop what? 25/52 slots (_ for help) (? for menu, Esc to quit)
You drop a +0 ring mail.
Found a stone staircase leading down.
You see here an arrow.
You now have 215 gold pieces (gained 8).
Found 2 scrolls labeled XACKINO DUCE.
k - 2 scrolls labeled XACKINO DUCE
Found an agate ring.
Found a scroll labeled COTZAY WAIMM.
y - an agate ring
o - 4 scrolls labeled COTZAY WAIMM (gained 1) 2 slaves come into view.
There are monsters nearby!
Pikel the Slaver comes into view.
He is wielding a +0 whip of freezing and wearing a +2 robe of cold resistance.
The slave shouts!
You hear a shout!
A slave comes into view.
You slash the slave! The slave hits you.
You closely miss the slave. The slave hits you.
You barely miss the slave. The slave hits you.
You hit the slave. The slave barely misses you.
You hit the slave. The slave hits you.
Pikel drinks a potion.
Pikel goes berserk!
Your ring mail prevents you from hitting the slave.
The slave shouts!
Aim: Pikel, wielding a +0 whip of freezing and wearing a +2 robe of cold resistance (berserk, fast, unusually strong, chance to defeat MR: 62%) Pikel resists with significant effort.
Pikel hits you with a +0 whip of freezing!
* * * LOW HITPOINT WARNING * * *
Pikel freezes you.
* * * LOW HITPOINT WARNING * * *
You feel agile all of a sudden.
Pikel hits you with a +0 whip of freezing.
* * * LOW HITPOINT WARNING * * *
Pikel closely misses you.
A slave comes into view.
Pikel completely misses you.
Pikel hits you with a +0 whip of freezing.
* * * LOW HITPOINT WARNING * * *
Aim: Pikel, wielding a +0 whip of freezing and wearing a +2 robe of cold resistance (berserk, fast, unusually strong, chance to defeat MR: 62%) Pikel resists with significant effort.
Pikel misses you.
Aim: Pikel, wielding a +0 whip of freezing and wearing a +2 robe of cold resistance (berserk, fast, unusually strong, chance to defeat MR: 62%) Pikel resists with significant effort.
Pikel misses you.
Pikel hits you with a +0 whip of freezing!
You die...
Your body disappears without a glow.

#.### #..# ##...## #pp#
###.###.######## #K.#
#...#
#........########..##
#.#.###.###............p..
#.##...## #.##.###### #..
# ##.## #.##.# #.# #.#
#.##.########.# #.#
#.##.@Kpppp...# #.#
#.############# #.# #.#
#.# #.# #.# #.# #.# #.#
####### #.# #.....#


You could see Pikel (berserk) and 4 slaves.

Vanquished Creatures
  2 centaurs (D:5)
  A howler monkey (D:4)
  A crimson imp (D:5)
  An orc priest (D:4)
  2 orc wizards
  Ijyb (D:3)
  A worker ant (D:4)
  7 adders
  An ooze (D:1)
  An adder skeleton (D:4)
  2 worms
  2 dart slugs (D:1)
  4 leopard geckos
  4 orcs
  2 ball pythons
  5 giant cockroaches
  3 goblins (D:1)
  4 hobgoblins
  9 kobolds
  2 quokkas
  9 bats
  2 frilled lizards (D:3)
  A quokka skeleton (D:4)
  7 rats
74 creatures vanquished.

Vanquished Creatures (collateral kills)
  An orc priest (D:3)
  3 gnolls (D:4)
  An adder (D:4)
  2 orcs (D:3)
7 creatures vanquished.

Vanquished Creatures (others)
  6 plants (D:3)
6 creatures vanquished.

Grand Total: 87 creatures vanquished

Notes
Turn   | Place    | Note
-------+----------+-------------------------------------------
     0 | D:1      | D1HalberdGnoll the Kobold Artificer began the quest for the
                  | Orb.
     0 | D:1      | Reached XP level 1. HP: 12/12 MP: 3/3
    90 | D:1      | Reached XP level 2. HP: 12/16 MP: 4/4
   447 | D:1      | Reached XP level 3. HP: 19/21 MP: 4/6
  1111 | D:2      | Found a snail-covered altar of Cheibriados.
  1199 | D:2      | Reached XP level 4. HP: 26/26 MP: 7/7
  1772 | D:3      | Found a sparkling altar of Nemelex Xobeh.
  1803 | D:3      | Became a worshipper of Nemelex Xobeh the Trickster
  1885 | D:3      | Found a transporter.
  1888 | D:3      | Received a gift from Nemelex Xobeh
  1950 | D:3      | Noticed an orange demon
  2209 | D:3      | Found a faded altar of an unknown god.
  2303 | D:3      | Identified the +4 halberd "Wiass" {pain, rN++ Int-4}
  2320 | D:3      | Found a transporter.
  2450 | D:3      | Found a white marble altar of Elyvilon.
  2454 | D:3      | Reached XP level 5. HP: 31/31 MP: 8/8
  2512 | D:3      | Noticed Ijyb
  2522 | D:3      | Killed Ijyb
  2628 | D:4      | Noticed an ogre
  2636 | D:4      | Noticed an insubstantial wisp
  3050 | D:4      | Reached skill level 5 in Evocations
  3050 | D:4      | Reached XP level 6. HP: 17/37 MP: 9/9
  3433 | D:4      | Reached * piety under Nemelex Xobeh
  3742 | D:4      | Got an ebony broad axe
  3743 | D:4      | Identified the +6 broad axe of Anger {speed, rC+ MR++} (You
                  | found it on level 4 of the Dungeon)
  4149 | D:5      | Entered Level 5 of the Dungeon
  4167 | D:5      | Reached skill level 1 in Axes
  4167 | D:5      | Reached XP level 7. HP: 32/42 MP: 11/11
  4246 | D:5      | Reached skill level 5 in Stealth
  4352 | D:5      | Noticed Pikel
  4373 | D:5      | Slain by Pikel

Levels and vault maps discovered:
D:1:      doesnt_arrival_eight_statues, layout_basic, serial_curves,
          eino_curves_04, eino_curves_03, roderic_roman_lattice
D:2:      layout_loops_ring, cheibriados_altar_1, minmay_misc_feat_secret_circle
D:3:      layout_basic, nemelex_altar_shiori, chequers_ecumenical_altar_twisty,
          gammafunk_ghost_gnarly_gnolls, elyvilon_altar_3, uniq_ijyb
D:4:      layout_basic
D:5:      layout_loops_ring, minmay_temple_entry_enclosed_plants, first_ration,
          kennysheep_generic_room_4, uniq_pikel

Skill      XL: |  1  2  3  4  5  6  7 |
---------------+----------------------+-----
Stealth        | 2 3 4 5 |  5.1
Evocations     | 4 5 |  5.7
Dodging        | 3 4 |  4.9
Fighting       | 2 3 4 |  4.0
Axes           | 1 |  1.2
Short Blades   | |  1.3

Action                   |  1- 3 |  4- 6 |  7- 9 || total
-------------------------+-------+-------+-------++-------
Melee: Short sword       |    92 |   157 |       ||   249
       Broad axe         |       |    22 |    11 ||    33
 Abil: Draw Destruction  |       |     2 |       ||     2
       Draw Summoning    |       |     3 |       ||     3
Evoke: Wand              |     2 |    14 |     3 ||    19
  Use: Scroll            |       |     5 |       ||     5
       Potion            |       |       |     1 ||     1
 Stab: Sleeping          |     6 |     4 |       ||    10
       Paralysed         |       |     4 |       ||     4
  Eat: Chunk             |     9 |     9 |       ||    18
Armor: Leather armour    |    11 |       |       ||    11
       Ring mail         |    26 |    50 |     2 ||    78
Dodge: Dodged            |    74 |   146 |     8 ||   228

Table legend:
 A = Non-vault XP
 B = Vault XP
 C = Vault XP percentage of total XP
 D = Non-vault monster count
 E = Vault monster count
 F = Vault count percentage of total count
                 A         B        C        D         E       F
            +---------+---------+-------+---------+---------+-------
      Total |     747 |      36 |   4.6 |      80 |       1 |   1.2
            +---------+---------+-------+---------+---------+-------
        D:1 |      43 |       0 |   0.0 |      22 |       0 |   0.0
        D:2 |      41 |       0 |   0.0 |      15 |       0 |   0.0
        D:3 |     115 |      36 |  23.8 |      18 |       1 |   5.3
        D:4 |     282 |       0 |   0.0 |      22 |       0 |   0.0
        D:5 |     266 |       0 |   0.0 |       3 |       0 |   0.0
            +---------+---------+-------+---------+---------+-------
